 Dungeon Crawl Stone Soup version 0.28-a0-429-g1448048969 (webtiles) character file.

Game seed: 3820478937078913540

88 Sabo the Covered (level 4, 0/29 HPs)
             Began as a Gargoyle Fighter on Sept 11, 2021.
             Was an Initiate of Ashenzari.
             Slain by a gnoll (3 damage)
             ... on level 2 of the Dungeon.
             The game lasted 00:06:37 (2212 turns).

Sabo the Covered (Gargoyle Fighter)                 Turns: 2212, Time: 00:06:37

Health: 0/29       AC: 10    Str: 20    XL:     4   Next: 53%
Magic:  4/4        EV:  9    Int:  9    God:    Ashenzari [......]
Gold:   50         SH:  4    Dex:  9    Spells: 3/3 levels left

rFire   . . .      SeeInvis .   a - +0 war axe
rCold   . . .      Faith    .   c - +0 buckler
rNeg    + . .      Spirit   .   b - +0 scale mail
rPois   ∞          Reflect  .   (no helmet)
rElec   +          Harm     .   (no cloak)
rCorr   .          Rampage  .   (no gloves)
Will    .....                   (no boots)
Stlth   ..........              (no amulet)
HPRegen 0.09/turn               (no ring)
MPRegen 0.09/turn               (no ring)

@: mighty
A: sickness immunity, AC +3, negative energy resistance 1, electricity
resistance, torment resistance 1, petrification resistance
a: Renounce Religion, Curse Item


You were on level 2 of the Dungeon.
You worshipped Ashenzari.
Ashenzari was noncommittal.
You visited 1 branch of the dungeon, and saw 2 of its levels.

You collected 50 gold pieces.

Inventory:

Hand Weapons
 a - a +0 war axe (weapon)
 g - a +3 dagger
Missiles
 f - 27 sling bullets
Armour
 b - a +0 scale mail (worn)
 c - a +0 buckler (worn)
Scrolls
 e - a scroll of blinking
 h - 2 scrolls of enchant armour
Potions
 i - a potion of flight


   Skills:
 + Level 3.8 Fighting
 + Level 2.5 Axes
 + Level 4.2 Armour
 + Level 0.8 Dodging
 + Level 0.4 Stealth
 + Level 3.5 Shields


You had 3 spell levels left.
You didn't know any spells.
Your spell library was empty.

Dungeon Overview and Level Annotations

Branches:
Dungeon (2/15)

Altars:
Ashenzari


Innate Abilities, Weirdness & Mutations

You are immune to sickness and miasma.
Your stone body is resilient. (AC +3)
You are immune to poison.
You resist negative energy. (rN+)
You are resistant to electric shocks. (rElec)
You are resistant to unholy torment.
You are immune to petrification.


Message History

The gnoll closely misses you. The gnoll hits you with a +0 spear.
You slash the gnoll!
You kill the gnoll!
You have reached level 4!
You feel clever.
You hit the gnoll.
The gnoll is moderately wounded.
The gnoll hits you but does no damage.
You completely miss the gnoll.
The gnoll is moderately wounded.
The gnoll hits you but does no damage. x2
Your scale mail prevents you from hitting the gnoll.
The gnoll is moderately wounded.
The gnoll hits you with a +0 whip.
You slash the gnoll!
You kill the gnoll!
The gnoll hits you with a +0 flail!
You slash the gnoll!
The gnoll is severely wounded.
The gnoll barely misses you.
You hit the gnoll.
You kill the gnoll!
You hit the worm.
The worm is moderately wounded.
You slash the worm!
You kill the worm!
A gnoll comes into view. It is wielding a +0 spear.
The gnoll shouts!
Items here: ))) †.
Items here: ))) †.
The gnoll hits you but does no damage. The gnoll hits you with a +0 spear!
* * * LOW HITPOINT WARNING * * *
You completely miss the gnoll. The gnoll hits you with a +0 spear.
* * * LOW HITPOINT WARNING * * *
You slash the gnoll!
The gnoll is severely wounded.
The gnoll closely misses you. The gnoll hits you with a +0 spear.
You die...

#.....# ##.....#
#......# ##.....# ###
###.....# ##.#
##.###.### ##.## #
###...##.#####)##
.###
................##
....
###...#......##.@#..#
####.##.<###)##..g..#
.........# #.##.....#
.######..# #.##.....#
.# #.....#
#.#.......# .#
#.##..###.#.##.##.#
.###.##......#. .#
..# †........#####.
.. ... .###.##### #.
l. ..


You could see a gnoll.

Vanquished Creatures
  3 adders (D:2)
  3 gnolls (D:2)
  A worm (D:2)
  5 ball pythons
  3 endoplasms (D:1)
  4 giant cockroaches
  A goblin (D:1)
  3 hobgoblins (D:2)
  A kobold (D:2)
  A quokka (D:1)
  A bat (D:1)
  2 frilled lizards
  2 rats
30 creatures vanquished.

Notes
Turn   | Place    | Note
-------+----------+-------------------------------------------
     0 | D:1      | Sabo the Gargoyle Fighter began the quest for the Orb.
     0 | D:1      | Reached XP level 1. HP: 14/14 MP: 1/1
   950 | D:1      | Reached XP level 2. HP: 18/19 MP: 2/2
  1221 | D:1      | Found a faded altar of an unknown god.
  1251 | D:1      | Became a worshipper of Ashenzari the Shackled
  1632 | D:2      | Reached XP level 3. HP: 14/23 MP: 3/3
  2085 | D:2      | Reached skill level 4 in Armour
  2198 | D:2      | Reached XP level 4. HP: 19/29 MP: 4/4
  2212 | D:2      | Slain by a gnoll

Illustrated notes

Levels and vault maps discovered:
D:1:      dpeg_arrival_arbitrary_a, layout_basic,
          ebering_ecumenical_altar_ruins, chequers_serial_rivers_micro_e,
          chequers_serial_rivers_micro_e
D:2:      layout_loops_corners, basic_altar, serial_aquarium,
          aquarium_bridge_square [aquarium_subvault_bridge,
          aquarium_subvault_bridge, aquarium_subvault_balcony,
          aquarium_subvault_window], aquarium_window_corridor_3,
          aquarium_window_corner, aquarium_window_1, aquarium_view_2d,
          aquarium_balcony_5a, minmay_shallow_snake_nest

Skill      XL: |  1  2  3 |
---------------+----------+-----
Axes           | 2 |  2.5
Armour         | 4 |  4.2
Fighting       | |  3.8
Dodging        | |  0.8
Stealth        | |  0.4
Shields        | |  3.5

Action                   |  1- 3 |  4- 6 || total
-------------------------+-------+-------++-------
Melee: War axe           |   112 |    10 ||   122
  Use: Potion            |     1 |       ||     1
Armor: Scale mail        |    75 |     4 ||    79
Dodge: Dodged            |    64 |     2 ||    66
Block: Buckler           |    18 |       ||    18

Table legend: (Time is in decaauts)
 A = Elapsed time spent in this place.
 B = Non-inter-level travel time spent in this place.
 C = Inter-level travel time spent in this place.
 D = Time resting spent in this place.
 E = Time spent auto-exploring this place.
 F = Levels seen in this place.
 G = Mean time per level.
                   A        B        C        D        E       F      G
               +--------+--------+--------+--------+--------+-----+--------+
         Total |   2260 |   2260 |      0 |    835 |      0 |   2 | 1130.0 |
       Dungeon |   2260 |   2260 |      0 |    835 |      0 |   2 | 1130.0 |
               +--------+--------+--------+--------+--------+-----+--------+

Top non-repeatable levels by time:
     D:1: 1496 daAuts
     D:2: 764 daAuts
